Map: Port Aleksander LE

Players

goblin - Winner!

  • Race: Protoss Protoss
  • Spawn Location: 5:00

Namshar

  • Race: Zerg Zerg
  • Spawn Location: 11:00

Event: 2019 WCS Spring

VOD

Have the link to the VOD?

Description

Time

  • Played on: May 17, 2019, 7:20 a.m.
  • Length: 11:50

All games in this series

Show
View Real Time Build Order
Export as new Build Order

goblin Protoss - Winner!

Build Orders: Archon Immortal 

Get SALT Encoding   

  12  0:00  Probe  
  13  0:12  Probe  
  14  0:18  Pylon  
  14  0:24  Probe  
  15  0:32  Probe  
  15  0:38  Gateway  
  15  0:40  Probe  
  16  0:47  Assimilator  
  17  0:51  Probe  
  18  1:03  Probe  
  19  1:05  Forge  
  20  1:21  Pylon  
  20  1:30  Pylon  
  19  1:32  Pylon  
  19  1:39  Photon Cannon  
  19  1:46  Photon Cannon  
  19  1:50  Probe  
  20  1:57  Cybernetics Core  
  20  2:09  Nexus  
  20  2:17  Probe  
  20  2:19  Assimilator  
  21  2:24  Stalker, Pylon  
  21  2:29  Probe  
  23  2:41  Probe, Pylon  
  24  2:52  Robotics Facility  
  24  2:53  Probe  
  24  2:57  Warp Gate  
  25  3:02  Probe, Adept  
  27  3:10  Probe  
  28  3:17  Probe  
  28  3:18  Probe  
  29  3:25  Probe  
  29  3:26  Probe  
  33  3:35  Probe  
  33  3:36  Twilight Council  
  33  3:37  Probe  
  35  3:44  Warp Prism  
  35  3:48  Probe  
  38  4:00  Probe x2  
  40  4:03  Pylon  
  40  4:11  Immortal  
  40  4:14  Charge  
  40  4:21  Probe  
  40  4:22  Probe  
  46  4:34  Probe x2, Dark Shrine  
  48  4:41  Gateway  
  48  4:44  Immortal  
  48  4:45  Gateway x2  
  52  5:02  Pylon  
  52  5:05  Probe x2  
  52  5:07  Assimilator  
  54  5:08  Assimilator  
  54  5:20  Probe x2  
  56  5:29  Zealot  
  56  5:32  Probe x2  
  61  5:42  Nexus  
  61  5:44  Pylon  
  61  5:48  Shield Battery  
  61  5:49  Photon Cannon  
  62  5:55  Sentry  
  60  6:04  Gateway  
  60  6:06  Gateway  
  60  6:07  Pylon, Shield Battery  
  60  6:10  Immortal  
  60  6:15  Adept  
  66  6:26  Probe x2  
  68  6:38  Probe x2  
  70  6:45  Gateway  
  70  6:49  Probe  
  70  6:50  Probe  
  72  6:55  Dark Templar x3, Probe, Gateway x2  
  72  6:58  Probe x2  
  79  7:03  Probe  
  79  7:06  Zealot, Probe x2  
  84  7:11  Immortal  
  84  7:13  Probe  
  86  7:16  Probe  
  86  7:17  Probe  
  93  7:35  Pylon  
  93  7:39  Pylon x2  
  93  7:44  Immortal  
  93  7:53  Probe x2  
  93  7:57  Gateway  
  97  7:59  Gateway  
  97  8:03  Sentry x4, Dark Templar  
  97  8:04  Dark Templar  
  109  8:09  Archon  
  109  8:11  Stalker  
  111  8:13  Probe x2  
  111  8:15  Assimilator  
  111  8:17  Assimilator  
  111  8:18  Templar Archives  
  111  8:19  Forge, Pylon  
  113  8:21  Archon  
  113  8:37  Pylon  
  113  8:39  Stalker x4  
  113  8:40  Stalker, Zealot  
  125  8:43  Pylon  
  125  8:44  Pylon  
  125  8:59  Stalker  
  125  9:00  Stalker x2  
  125  9:01  Stalker  
  92  9:20  Stalker x2  
  92  9:21  Stalker x2  
  64  10:05  Stalker x3, High Templar x2  
  64  10:06  Stalker  
  76  10:10  Archon  
Show
View Real Time Build Order
Export as new Build Order

Namshar Zerg 

Build Orders: Hatch First 

Get SALT Encoding   

  12  0:00  Drone  
  13  0:13  Overlord  
  13  0:18  Drone  
  14  0:31  Drone x2  
  16  0:48  Hatchery  
  15  0:52  Drone  
  15  0:56  Drone  
  17  0:59  Drone  
  18  1:10  Extractor  
  17  1:15  Spawning Pool  
  17  1:18  Drone  
  17  1:21  Drone  
  18  1:28  Drone  
  19  1:39  Overlord  
  20  2:03  Hatchery  
  20  2:06  Queen  
  20  2:07  Zergling x2  
  21  2:31  Metabolic Boost, Drone x2  
  23  2:40  Hatchery  
  24  2:53  Overlord  
  24  3:02  Pneumatized Carapace  
  24  3:03  Drone  
  24  3:04  Drone  
  24  3:13  Drone  
  24  3:16  Drone  
  24  3:17  Drone x2  
  28  3:22  Drone x2  
  28  3:24  Queen  
  32  3:30  Drone  
  33  3:35  Drone  
  33  3:37  Drone  
  35  3:44  Drone  
  35  3:48  Spore Crawler  
  35  3:50  Drone  
  37  3:55  Lair  
  37  3:56  Drone x2  
  39  4:03  Overlord x2  
  39  4:04  Drone  
  40  4:15  Drone  
  41  4:18  Overlord  
  41  4:21  Roach Warren, Queen  
  41  4:23  Drone  
  41  4:24  Drone  
  44  4:26  Drone  
  44  4:28  Drone  
  46  4:33  Drone x3  
  49  4:41  Overlord  
  49  4:42  Drone x2  
  49  4:44  Extractor  
  49  4:45  Extractor, Zergling x6  
  53  4:48  Zergling x4  
  54  4:53  Zergling x6  
  54  4:58  Zergling x2  
  54  4:59  Overlord  
  58  5:00  Glial Reconstitution  
  58  5:05  Overseer  
  58  5:11  Overlord  
  58  5:13  Overseer  
  58  5:17  Overlord  
  58  5:20  Drone  
  59  5:21  Extractor  
  59  5:27  Roach  
  59  5:28  Roach  
  62  5:31  Drone x2  
  62  5:32  Extractor, Drone  
  62  5:33  Drone  
  62  5:35  Drone x2  
  67  5:36  Drone x3  
  67  5:38  Roach x3  
  67  5:42  Roach  
  84  5:50  Roach x3  
  84  5:55  Roach  
  84  5:56  Roach  
  87  5:59  Roach  
  89  6:06  Roach  
  89  6:07  Overlord x2  
  81  6:22  Roach x2, Overlord  
  81  6:23  Drone  
  81  6:39  Drone x2  
  82  6:40  Queen  
  82  6:42  Drone x2  
  82  6:43  Drone  
  82  6:46  Drone x3  
  88  6:50  Drone, Spire  
  88  6:52  Extractor  
  88  6:54  Drone x3  
  90  7:03  Spore Crawler  
  90  7:04  Spore Crawler, Drone  
  90  7:06  Overlord  
  89  7:16  Roach x2  
  89  7:19  Roach, Zergling x8  
  97  7:24  Roach, Zergling x8  
  97  7:35  Queen  
  97  7:37  Overlord  
  97  7:38  Overlord  
  95  8:03  Mutalisk x12  
  95  8:04  Mutalisk  
  121  8:11  Zerg Flyer Weapons Level 1  
  121  8:12  Roach x2  
  125  8:22  Roach x5  
  125  8:26  Ravager  
  136  8:32  Roach  
  136  8:33  Overlord x2  
  136  8:34  Overlord  
  138  8:44  Overlord  
  138  8:48  Overlord x2  
  138  8:52  Ravager x3  
  138  8:53  Roach x5  
  151  8:58  Overlord  
  151  9:02  Roach  
  153  9:09  Roach x6  
  157  9:15  Roach x2  
  152  9:19  Roach x2  
  145  9:30  Roach x5  
  143  9:36  Roach x2  
  143  9:39  Ravager  
  143  9:40  Ravager  
  143  9:41  Ravager  
  142  9:46  Roach x2  
  130  9:56  Roach  
  130  9:57  Roach x2  
  117  10:08  Roach x3  
  117  10:18  Mutalisk  
  99  10:36  Roach x2  
  99  10:37  Roach x5  
  95  10:52  Roach x3  
Tags
 
Add a new tag
Caveats
  • Supply blocks, unpowered buildings, or Contaminate may cause inaccurate times.
  • Supply counts are checked every 10 seconds.